 Dungeon Crawl Stone Soup version 0.29.1-15-g9cfb28693d (webtiles) character file.

Game seed: 18383039321107513606

7 Heoruswealwe the Digger (level 1, 10/10 HPs)
             Began as a Deep Elf Earth Elementalist on Apr 3, 2023.
             Was a Follower of Qazlal.
             Got out of the dungeon alive.
             The game lasted 00:01:47 (249 turns).

Heoruswealwe the Digger (DEEE)                       Turns: 249, Time: 00:01:47

Health: 10/10      AC:  2    Str:  5    XL:     1   Next: 91%
Magic:  6/6        EV: 12    Int: 19    God:    Qazlal [*.....]
Gold:   3          SH:  1    Dex: 15    Spells: 5/6 levels left

rFire   . . .      SeeInvis .   (no weapon)
rCold   . . .      Faith    .   (no shield)
rNeg    . . .      Spirit   .   a - +0 robe
rPois   .          Reflect  .   (no helmet)
rElec   .          Harm     .   (no cloak)
rCorr   .          Rampage  .   (no gloves)
Will    .....                   (no boots)
Stlth   ++........              (no amulet)
HPRegen 0.03/turn               (no ring)
MPRegen 0.10/turn               (no ring)

@: no status effects
A: no striking features
a: Renounce Religion


You escaped.
You worshipped Qazlal.
Qazlal was aware of your devotion.
You visited 1 branch of the dungeon, and saw 1 of its levels.

You collected 3 gold pieces.

Inventory:

Armour
 a - a +0 robe (worn)
Potions
 b - a potion of magic


   Skills:
 - Level 2.4 Dodging
 - Level 2.4 Stealth
 + Level 3.4 Spellcasting
 - Level 1.1 Transmutations
 + Level 3.6 Earth Magic


You had 5 spell levels left.
You knew the following spells:

 Your Spells              Type           Power      Damage    Failure   Level
a - Sandblast             Erth           34%        2d9       3%          1

Your spell library contained the following spells:

 Spells                   Type           Power      Damage    Failure   Level
 Passwall                 Tmut/Erth      10%        N/A       9%          2
 Stone Arrow              Conj/Erth      20%        3d8       21%         3
 Petrify                  Tmut/Erth      12%        N/A       50%         4


Dungeon Overview and Level Annotations

Branches:
Dungeon (1/15)

Altars:
Qazlal


Message History

The blast of sand hits the kobold!
You kill the kobold!
The blast of sand hits the rat.
You kill the rat!
Found a ring mail.
Things that are here:
a +0 short sword; 5 stones; a kobold corpse
Found a stone staircase leading down.
There is a stone staircase leading down here.
You see here a +0 ring mail.
A bat and a dart slug come into view.
The blast of sand hits the bat.
You kill the bat!
The dart slug launches a dart at you. The slug dart misses you.
The blast of sand hits the dart slug.
The dart slug is lightly wounded.
The dart slug launches a dart at you. The slug dart misses you.
The blast of sand hits the dart slug.
The dart slug is heavily wounded.
The blast of sand hits the dart slug!
You kill the dart slug!
A giant cockroach comes into view.
You see here a dart slug corpse.
The blast of sand hits the giant cockroach.
You kill the giant cockroach!
You open the door.
There is an open door here.
Found a faded altar of an unknown god.
There is a faded altar of an unknown god here.
You cannot tell which god this altar belongs to.
Convert to them anyway?
Qazlal accepts your prayer! Qazlal welcomes you!
Qazlal grants you and your divine allies immunity to clouds.
You are now surrounded by a storm.
There is an open door here.
There is a staircase leading out of the dungeon here.
Are you sure you want to leave the Dungeon?
This will make you lose the game!
You have escaped!

#..####...#...##
#............## #.#####...##.#
#.# ##.###.# ..# #.# #.#
################### #.#
#...#..........#.# #.#
#.#.#.########.#.# #.#
#.#.#...@....#.#.# #.#
#.#.########.#.#.# #.#
####.#..........#...####.#
######..#.##############.#....#
...........................####
##############.#.#.#########
#.#.#... #.#.#.### #.#.#.#


There were no monsters in sight!

Vanquished Creatures
  A dart slug (D:1)
  An endoplasm (D:1)
  A giant cockroach (D:1)
  A bat (D:1)
  A kobold (D:1)
  A rat (D:1)
6 creatures vanquished.

Notes
Turn   | Place    | Note
-------+----------+-------------------------------------------
     0 | D:1      | Heoruswealwe the Deep Elf Earth Elementalist began the
                  | quest for the Orb.
     0 | D:1      | Reached XP level 1. HP: 10/10 MP: 6/6
   189 | D:1      | Found a faded altar of an unknown god.
   195 | D:1      | Prayed at the altar of an unknown god.
   195 | D:1      | Became a worshipper of Qazlal Stormbringer
   195 | D:1      | Reached * piety under Qazlal
   249 | D:$      | Got out of the dungeon alive.

Illustrated notes

Levels and vault maps discovered:
D:1:      matt_arrival_spirals, layout_loops_ring,
          shapermc_ecumenical_altar_notcrosses, patterned_corridor

Action                   || total
-------------------------++-------
 Cast: Sandblast         ||     9
Dodge: Dodged            ||     2
